 Dungeon Crawl Stone Soup version 0.21.1-1-g345015f (webtiles) character file.

72 kae the Insei (level 4, -7/34 HPs)
             Began as a Demonspawn Gladiator on June 3, 2018.
             Mangled by an orc priest
             ... wielding a +2 flail of protection
              (10 damage)
             ... on level 4 of the Dungeon.
             The game lasted 00:01:29 (1294 turns).

kae the Insei (Demonspawn Gladiator)                Turns: 1294, Time: 00:01:29

Health: -7/34      AC:  6    Str: 14    XL:     4   Next: 7%
Magic:  4/4        EV: 13    Int:  9    God:
Gold:   132        SH:  0    Dex: 16    Spells: 3/3 levels left

rFire    + . .     SeeInvis .     - Unarmed
rCold    + . .     Gourm    .   (no shield)
rNeg     . . .     Faith    .   a - +0 leather armour
rPois    +         Spirit   .   b - +0 helmet
rElec    +         Reflect  .   (no cloak)
rCorr    +         Harm     .   (no gloves)
MR       .....                  (no boots)
Stlth    +.........             (no amulet)
HPRegen  0.11/turn              (no ring)
MPRegen  0.09/turn              (no ring)

@: resistant
A: claws 1, iridescent scales 1
a: no special abilities


You were on level 4 of the Dungeon.
You were not hungry.

You visited 1 branch of the dungeon, and saw 3 of its levels.

You collected 132 gold pieces.

Inventory:

Missiles
 c - 3 throwing nets (quivered)
Armour
 a - a +0 leather armour (worn)
 b - a +0 helmet (worn)
Jewellery
 h - a +5 ring of protection {unknown}
 j - an uncursed amulet of faith {unknown}
Scrolls
 e - 2 scrolls of noise {unknown}
 g - a scroll of immolation {unknown}
 k - a scroll of enchant weapon {unknown}
Potions
 i - a potion of berserk rage {unknown}
Comestibles
 d - 2 rations


   Skills:
 + Level 2.7 Fighting
 - Level 1.7 Throwing
 + Level 3.2 Dodging
 * Level 3.7 Unarmed Combat


You had 3 spell levels left.
You didn't know any spells.

Dungeon Overview and Level Annotations

Branches:
Dungeon (2/15)

Altars:
Fedhas


Innate Abilities, Weirdness & Mutations

You have sharp fingernails.
You are partially covered in iridescent scales. (AC +2)


Message History

The orc misses you.
The orc priest hits you with a flail of protection.
You scratch the orc priest but do no damage.
The orc priest is severely wounded.
The orc closely misses you.
You scratch the orc priest.
The orc priest is severely wounded.
The orc priest hits you with a flail of protection.
* * * LOW HITPOINT WARNING * * *
The orc barely misses you.
You closely miss the orc priest.
The orc priest is severely wounded.
The orc priest hits you with a flail of protection.
* * * LOW HITPOINT WARNING * * *
You completely miss the orc priest.
The orc priest is severely wounded.
The orc hits you with a hand axe.
* * * LOW HITPOINT WARNING * * *
The orc priest hits you with a flail of protection!
You die...

..##.#...
..#..... .
..o#.# #.
o.... ...
...##.. ....
##a# ####
#oo# ##...##
##@##
#.....###..#
#......##..#
##>......#.##
#..........#
#.........##
#..........#
##..........#
#...........#


You could see a worker ant, an orc priest and an orc.

Vanquished Creatures
  2 adders (D:2)
  An ooze (D:2)
  2 worms (D:2)
  3 dart slugs
  A leopard gecko (D:2)
  An orc (D:4)
  2 bats
  A giant cockroach (D:1)
  4 goblins
  A hobgoblin (D:1)
  3 jackals (D:1)
  2 quokkas (D:2)
  A ball python (D:1)
  4 frilled lizards
  4 kobolds
  6 rats
38 creatures vanquished.

Notes
Turn   | Place    | Note
-------+----------+-------------------------------------------
     0 | D:1      | kae the Demonspawn Gladiator began the quest for the Orb.
     0 | D:1      | Reached XP level 1. HP: 16/16 MP: 1/1
   539 | D:1      | Gained mutation: You are partially covered in iridescent scales. (AC +2) [demonic ancestry]
   539 | D:1      | Reached XP level 2. HP: 18/22 MP: 2/2
   874 | D:1      | You fall through a shaft!
   895 | D:2      | Gained mutation: You have sharp fingernails. [demonic ancestry]
   895 | D:2      | Reached XP level 3. HP: 28/28 MP: 3/3
  1092 | D:2      | Found a blossoming altar of Fedhas.
  1215 | D:2      | Reached XP level 4. HP: 33/34 MP: 4/4
  1261 | D:2      | You fall through a shaft for 2 floors!
  1294 | D:4      | Mangled by an orc priest

Skill      XL: |  1  2 |
---------------+-------+-----
Unarmed Combat | 3 |  3.7
Dodging        | 3 |  3.2
Fighting       | |  2.7
Throwing       | |  1.7

Action                   |  1- 3 |  4- 6 || total
-------------------------+-------+-------++-------
Melee: Unarmed           |   132 |    10 ||   142
       Punch             |     3 |       ||     3
  Use: Potion            |       |     1 ||     1
 Stab: Sleeping          |     2 |       ||     2
  Eat: Chunk             |       |     1 ||     1
Armor: Leather armour    |    27 |       ||    27
Dodge: Dodged            |    78 |     5 ||    83
